 Dungeon Crawl Stone Soup version 0.23-a0-8-gb809bb70e4 (webtiles) character file.

31150 Roikka the Geomancer (level 13, -1/80 HPs)
             Began as a Gargoyle Earth Elementalist on July 31, 2018.
             Was a High Priest of Vehumet.
             Slain by a spiny frog (12 damage)
             ... on level 3 of the Lair of Beasts on Aug 1, 2018.
             The game lasted 01:57:14 (17270 turns).

Roikka the Geomancer (Gargoyle Earth Elementalist) Turns: 17270, Time: 01:57:15

Health: -1/80      AC: 24    Str: 12    XL:     13   Next: 56%
Magic:  25/25      EV: 10    Int: 21    God:    Vehumet [*****.]
Gold:   931        SH:  7    Dex: 10    Spells: 8/29 levels left

rFire    + + .     SeeInvis .   a - +6 spear of the Present {elec, rC+}
rCold    + + +     Gourm    .   z - +2 buckler
rNeg     + . .     Faith    .   T - +2 scale mail {rF+}
rPois    ∞         Spirit   .   s - +1 helmet
rElec    +         Reflect  .   w - scarf {rC+ rF+}
rCorr    .         Harm     .   J - +1 pair of gloves
MR       .....                  (no boots)
Stlth    ..........             n - amulet of regeneration
HPRegen  0.63/turn              F - ring of protection from cold
MPRegen  0.19/turn              (no ring)

@: no status effects
A: negative energy resistance 1, electricity resistance, unbreathing,
petrification resistance, rot immunity, AC +9
a: Renounce Religion


You were on level 3 of the Lair of Beasts.
You worshipped Vehumet.
Vehumet was extremely pleased with you.
You were not hungry.

You visited 5 branches of the dungeon, and saw 21 of its levels.

You collected 1477 gold pieces.
You spent 546 gold pieces at shops.

Inventory:

Hand Weapons
 a - the +6 spear of the Present (weapon) {elec, rC+}
   (You found it on level 6 of the Dungeon)

   Occasionally, upon striking a foe, it will discharge some electrical energy
   and cause terrible harm.
   It protects you from cold.
 q - a +1 flail of holy wrath
 M - a -1 spear of venom
Missiles
 b - 247 stones (quivered)
Armour
 s - a +1 helmet (worn)
 u - the +1 leather armour of the Eternal Fruit {SInv}
   (You found it on level 5 of the Dungeon)

   It lets you see invisible.
 w - a scarf of resistance (worn)
 z - a +2 buckler (worn)
 G - a +0 shield of protection
 J - a +1 pair of gloves (worn)
 T - a +2 scale mail of fire resistance (worn)
Magical Staves
 S - an uncursed staff of earth {unknown}
Jewellery
 n - an amulet of regeneration (around neck)
 B - an uncursed ring of protection from magic {unknown}
 F - a ring of protection from cold (left hand)
Wands
 c - a wand of clouds (6)
 j - a wand of disintegration (16)
 l - a wand of scattershot (14)
 t - a wand of paralysis (12)
 v - a wand of iceblast (22)
 y - a wand of flame (21)
 D - a wand of digging (12)
Scrolls
 g - a scroll of remove curse
 h - 6 scrolls of teleportation
 m - a scroll of enchant weapon
 o - a scroll of amnesia
 N - a scroll of magic mapping
Potions
 e - 3 potions of mutation
 f - 3 potions of curing
 k - a potion of cancellation
 p - a potion of magic
 r - a potion of ambrosia {unknown}
 x - a potion of agility
 C - 2 potions of berserk rage
 E - 2 potions of brilliance
 H - a potion of resistance
 I - 2 potions of invisibility
 R - 2 potions of flight
Miscellaneous
 A - a crystal ball of energy
 K - a phantom mirror
Comestibles
 d - 16 rations
 i - a chunk of flesh


   Skills:
 + Level 9.4 Fighting
 - Level 6.0 Polearms
 + Level 7.3 Armour
 - Level 3.0 Dodging
 - Level 2.1 Stealth
 + Level 8.5 Shields
 + Level 8.7 Spellcasting
 + Level 9.7 Conjurations
 - Level 6.0 Transmutations
 + Level 4.5 Fire Magic
 - Level 10.0 Earth Magic


You had 8 spell levels left.
You knew the following spells:

 Your Spells              Type           Power        Failure   Level  Hunger
a - Sandblast             Erth           ######       1%          1    None
b - Stone Arrow           Conj/Erth      ######       1%          3    None
c - Petrify               Tmut/Erth      #####...     12%         4    ###....
d - Lee's Rapid Deconstr  Erth           ######....   4%          5    #####..
e - Conjure Flame         Conj/Fire      #####...     1%          3    None
f - Fireball              Conj/Fire      #####.....   13%         5    #####..

Your spell library contained the following spells:

 Spells                   Type           Power        Failure   Level  Hunger
 Cause Fear               Hex            #.........   97%         4    ###....
 Animate Dead             Necr           N/A          97%         4    ###....
 Pain                     Necr           #...         30%         1    None
 Animate Skeleton         Necr           N/A          30%         1    None
 Vampiric Draining        Necr           #.........   67%         3    None
 Regeneration             Chrm/Necr      #.........   67%         3    None
 Deflect Missiles         Chrm/Air       #.........   100%        6    ######.
 Passwall                 Tmut/Erth      #####...     1%          2    None
 Silence                  Hex/Air        #.........   100%        5    #####..
 Discord                  Hex            #.........   100%        8    #######
 Yara's Violent Unravell  Hex/Tmut       ###.......   50%         5    #####..


Dungeon Overview and Level Annotations

Branches:
Dungeon (13/15)            Temple (1/1) D:7            Lair (4/6) D:11
  Swamp (0/4) Lair:2       Spider (1/4) Lair:3          Orc (2/2) D:12
    Elf: Orc:2       Vaults: D:13-14

Altars:
Ashenzari
Cheibriados
Dithmenos
Elyvilon
Fedhas
Gozag
Hepliaklqana
Kikubaaqudgha
Makhleb
Nemelex Xobeh
Qazlal
Sif Muna
Trog
Uskayaw
Vehumet
Wu Jian
Yredelemnul
Zin
Beogh

Shops:
D:10 !   D:12 (   Orc:2 %

Annotations:
D:2 Terence
Lair:3 Rupert
Lair:4 exclusion: 2 oklob plants


Innate Abilities, Weirdness & Mutations

You are resistant to torment.
Your stone body is resilient. (AC +9)
You are immune to poison.
You resist negative energy. (rN+)
You are resistant to electric shocks. (rElec)
You can survive without breathing.
You are immune to petrification.
You are immune to rotting.


Message History

The blink frog blinks!
You block the spiny frog's attack.
Rupert hits you with a great sword of slicing.
You climb upwards.
There is a stone staircase leading down here.
You can't go up here!
The spiny frog stings you but does no damage.
Rupert rages.
The spiny frog misses you.
Rupert hits you with a great sword of slicing.
The spiny frog stings you but does no damage.
Rupert hits you with a great sword of slicing!
* * * LOW HITPOINT WARNING * * *
Rupert rages.
Rupert hits you with a great sword of slicing!
* * * LOW HITPOINT WARNING * * *
x2 You feel much better.
Rupert hits you with a great sword of slicing!!
* * * LOW HITPOINT WARNING * * *
x2 The spiny frog stings you!
You die...

#.## ##...# #.#......# ..P#
##...###........# #.##
#...†...........# #.##
##..####.####...## ...# #P..# ###
##P..# #.P#########..# #..##
#.###(#..##...#### #####.#
.............###.####..#..##
#...............@@.........# ####
#...#####..####..F.....>...###.#.
#..P# #### #.......[..........
#..## ##.......#...#...... #..#
#.....#########..... ...##
#......# #...... #...###
#######.....# ##.....
#..#..###..#.##....###### ##.....
#..................###..###......


You could see Rupert (berserk) and a spiny frog.

Vanquished Creatures
  Snorg (D:12)
  Erica (D:10)
  A two-headed ogre (D:9)
  3 death yaks
  An orc high priest (Orc:1)
  Nergalle (D:11)
  A deep elf mage (D:12)
  An orc knight (Orc:1)
  3 orc sorcerers
  A wolf spider zombie (D:12)
  A cyclops (D:11)
  An oklob plant (Lair:2)
  An ugly thing (D:11)
  A wolf spider (Lair:3)
  An elephant (Lair:3)
  Maurice (D:12)
  2 black mambas
  2 gargoyles
  6 spiny frogs
  Psyche (D:8)
  2 komodo dragons
  3 trolls
  A jumping spider (Lair:3)
  A hornet (D:12)
  14 blink frogs
  8 hippogriffs
  A tarantella (Lair:3)
  2 wyverns
  A hungry ghost (D:12)
  Grum (Lair:1)
  2 swamp worms (Lair:2)
  6 water moccasins
  2 porcupines
  A soldier ant (D:12)
  23 orc warriors
  3 ice beasts
  3 black bears
  2 sky beasts
  2 phantoms
  8 centaurs
  12 wolves
  7 ogres
  3 crocodiles
  A big kobold (D:12)
  A wyvern zombie (D:10)
  19 bullfrogs
  A water moccasin zombie (D:5)
  2 scorpions
  7 killer bees
  7 wights
  4 howler monkeys
  2 bullfrog zombies
  8 crimson imps
  2 centaur zombies
  3 hounds
  20 orc priests
  4 bullfrog skeletons
  4 jellies
  7 centaur skeletons
  2 iguanas
  17 orc wizards
  A hell rat (D:11)
  7 worker ants
  A hound skeleton (D:6)
  A howler monkey zombie (D:10)
  6 gnolls
  A howler monkey skeleton (D:11)
  12 adders
  3 river rats (D:11)
  2 shadow imps
  2 oozes
  An adder skeleton (D:7)
  2 worms
  2 dart slugs
  7 leopard geckos
  64 orcs
  10 bats
  5 giant cockroaches
  4 goblins
  11 hobgoblins
  18 jackals
  3 quokkas (D:11)
  6 frilled lizards
  A jackal skeleton (D:7)
  9 kobolds
  A leopard gecko skeleton (D:5)
  A quokka skeleton (D:5)
  11 rats
442 creatures vanquished.

Vanquished Creatures (others)
  An orc (Orc:2)
  4 bushes (Lair:4)
  2 fungi
  14 plants
21 creatures vanquished.

Grand Total: 463 creatures vanquished

Notes
Turn   | Place    | Note
-------+----------+-------------------------------------------
     0 | D:1      | Roikka the Gargoyle Earth Elementalist began the quest for the Orb.
     0 | D:1      | Reached XP level 1. HP: 10/10 MP: 3/3
   247 | D:1      | Reached XP level 2. HP: 15/15 MP: 3/5
   496 | D:1      | Reached skill level 4 in Earth Magic
   496 | D:1      | Reached XP level 3. HP: 19/19 MP: 5/7
   517 | D:1      | Learned a level 3 spell: Stone Arrow
  1146 | D:2      | Found a white marble altar of Elyvilon.
  1454 | D:2      | Reached XP level 4. HP: 24/24 MP: 6/8
  1483 | D:2      | Noticed Terence
  2175 | D:3      | Reached skill level 1 in Conjurations
  2263 | D:3      | Found an opulent altar of Gozag.
  2706 | D:4      | Noticed a phantom
  2721 | D:4      | Killed a phantom
  2721 | D:4      | Reached XP level 5. HP: 19/28 MP: 0/9
  3256 | D:5      | Entered Level 5 of the Dungeon
  3301 | D:5      | Found a basalt altar of Yredelemnul.
  3309 | D:5      | Reached skill level 5 in Earth Magic
  3324 | D:5      | Found a snail-covered altar of Cheibriados.
  3336 | D:5      | Reached XP level 6. HP: 32/32 MP: 6/10
  3439 | D:5      | Noticed an ice beast
  3447 | D:5      | Killed an ice beast
  3447 | D:5      | Reached skill level 5 in Conjurations
  3633 | D:5      | Reached XP level 7. HP: 18/37 MP: 11/11
  3694 | D:5      | Reached skill level 1 in Fighting
  3895 | D:5      | Got a faintly glowing leather armour
  3909 | D:5      | Identified the +1 leather armour of the Eternal Fruit {SInv} (You found it on level 5 of the Dungeon)
  4121 | D:5      | You fall through a shaft for 3 floors!
  4394 | D:7      | Reached skill level 1 in Armour
  4557 | D:6      | Reached XP level 8. HP: 44/44 MP: 6/13
  4682 | D:6      | Learned a level 4 spell: Petrify
  4688 | D:6      | Learned a level 5 spell: Lee's Rapid Deconstruction
  4832 | D:6      | Reached skill level 1 in Transmutations
  4866 | D:6      | Got an ichor-stained spear
  4867 | D:6      | Identified the +6 spear of the Present {elec, rC+} (You found it on level 6 of the Dungeon)
  5090 | D:6      | Found a glowing silver altar of Zin.
  5142 | D:6      | Reached skill level 6 in Earth Magic
  5239 | D:6      | Reached skill level 1 in Shields
  5294 | D:6      | Reached skill level 1 in Polearms
  5692 | D:7      | Reached XP level 9. HP: 51/51 MP: 15/15
  5933 | D:7      | Found a staircase to the Ecumenical Temple.
  5945 | Temple   | Entered the Ecumenical Temple
  5971 | Temple   | Became a worshipper of Vehumet
  6872 | D:8      | Reached skill level 5 in Spellcasting
  6872 | D:8      | Reached skill level 7 in Earth Magic
  6964 | D:8      | Noticed Psyche
  6969 | D:8      | Killed Psyche
  7288 | D:9      | Found a shattered altar of Ashenzari.
  7420 | D:9      | Reached XP level 10. HP: 58/58 MP: 18/18
  7480 | D:9      | Found a deep blue altar of Sif Muna.
  7571 | D:9      | Reached * piety under Vehumet
  7571 | D:9      | Offered knowledge of Flame Tongue by Vehumet.
  7602 | D:9      | Reached skill level 5 in Fighting
  7718 | D:9      | Noticed a two-headed ogre
  7732 | D:9      | Killed a two-headed ogre
  7804 | D:9      | Reached skill level 8 in Earth Magic
  8229 | D:9      | Found a bloodstained altar of Trog.
  8261 | D:9      | Found a hazy altar of Hepliaklqana.
  8276 | D:10     | Entered Level 10 of the Dungeon
  8350 | D:10     | Noticed Erica
  8363 | D:10     | Killed Erica
  8492 | D:10     | Identified a scroll of acquirement
  8633 | D:10     | Found Sicasuew's Distillery.
  8645 | D:10     | Bought a potion of resistance for 130 gold pieces
  8645 | D:10     | Bought a potion of invisibility for 104 gold pieces
  8645 | D:10     | Bought a potion of berserk rage for 65 gold pieces
  8645 | D:10     | Bought a potion of heal wounds for 65 gold pieces
  8645 | D:10     | Bought a potion of might for 52 gold pieces
  8645 | D:10     | Bought a potion of haste for 130 gold pieces
  8991 | D:11     | Noticed Nergalle
  9009 | D:11     | Killed Nergalle
  9087 | D:11     | Noticed a cyclops
  9125 | D:11     | Offered knowledge of Shock by Vehumet.
  9136 | D:11     | Killed a cyclops
  9136 | D:11     | Reached XP level 11. HP: 32/64 MP: 16/20
  9141 | D:11     | Reached ** piety under Vehumet
  9200 | D:11     | Noticed a death yak
  9201 | D:11     | Noticed a death yak
  9206 | D:11     | Noticed a death yak
  9234 | D:10     | Killed a death yak
  9234 | D:10     | Reached skill level 5 in Transmutations
  9360 | D:11     | Noticed a cyan ugly thing
  9372 | D:11     | Killed a cyan ugly thing
  9382 | D:11     | Reached skill level 5 in Shields
  9382 | D:11     | Reached skill level 9 in Earth Magic
  9589 | D:11     | Got a brightly glowing robe
  9609 | D:11     | Killed a death yak
  9834 | D:11     | Killed a death yak
  9956 | D:11     | Identified the +2 robe of Sate {Stlth+} (You found it on level 11 of the Dungeon)
 10106 | D:11     | Found a staircase to the Lair.
 10392 | D:11     | Offered knowledge of Conjure Flame by Vehumet.
 10397 | D:11     | Learned a level 3 spell: Conjure Flame
 10785 | D:12     | Found Hirrosmi's Antique Weapon Emporium.
 10912 | D:12     | Reached *** piety under Vehumet
 11097 | D:12     | Offered knowledge of Dazzling Spray by Vehumet.
 11102 | D:12     | Reached skill level 5 in Armour
 11119 | D:12     | Noticed a deep elf mage
 11124 | D:12     | Killed a deep elf mage
 11124 | D:12     | Reached skill level 1 in Fire Magic
 11193 | D:12     | Reached XP level 12. HP: 67/72 MP: 16/22
 11216 | D:12     | Reached skill level 5 in Polearms
 11276 | D:12     | Found a staircase to the Orcish Mines.
 11313 | D:12     | Found a roughly hewn altar of Beogh.
 11566 | Lair:1   | Entered Level 1 of the Lair of Beasts
 11624 | Lair:1   | Reached **** piety under Vehumet
 11625 | Lair:1   | Upgraded the game from 0.22-a0-897-g1b7a381375 to 0.23-a0-8-gb809bb70e4
 11807 | Lair:1   | Reached skill level 10 in Earth Magic
 11826 | Lair:1   | Offered knowledge of Inner Flame by Vehumet.
 12377 | Lair:1   | Noticed Grum
 12397 | Lair:1   | Killed Grum
 12716 | Lair:2   | Found a staircase to the Swamp.
 13907 | D:12     | Noticed Snorg
 13923 | D:12     | Killed Snorg
 13923 | D:12     | Reached ***** piety under Vehumet
 13923 | D:12     | Offered knowledge of Fireball by Vehumet.
 14182 | Orc:1    | Entered Level 1 of the Orcish Mines
 14507 | Orc:1    | Noticed Maurice
 14616 | D:12     | Found a roughly hewn altar of Beogh.
 14639 | D:12     | Found Hirrosmi's Antique Weapon Emporium.
 14688 | D:12     | Killed Maurice
 14797 | Orc:2    | Entered Level 2 of the Orcish Mines
 15103 | Orc:2    | Reached XP level 13. HP: 62/79 MP: 25/25
 15237 | Orc:2    | Found Iriyler's Food Shoppe.
 15670 | Orc:2    | Noticed an orc warlord
 15950 | Lair:3   | Found a hole to the Spider Nest.
 16097 | Lair:3   | Learned a level 5 spell: Fireball
 17160 | Spider:1 | Entered Level 1 of the Spider Nest
 17248 | Lair:4   | Noticed Rupert
 17250 | Lair:4   | Paralysed by Rupert for 3 turns
 17270 | Lair:3   | Slain by a spiny frog

Vault maps used:
D:1:      minmay_arrival_up_and_down
D:2:      nicolae_overflow_crystal_walls, serial_co_window_serial,
          co_window_paths_a, co_window_corner_a, co_window_corner_a,
          co_window_paths_b, co_window_paths_a, co_window_unsneaky_path_d,
          co_window_corner_b, co_window_corner_ca, co_window_corner_cb,
          co_window_cross_4, co_window_broadway_b, co_window_paths_e,
          glass_columns_a, uniq_terence
D:3:      grunt_gozag_statues
D:4:      first_ration
D:5:      lemuel_crystal_altar, kennysheep_slug_shrine
D:6:      lemuel_doored_altar
D:7:      temple_fountains
D:8:      kennysheep_small_circle, uniq_psyche
D:9:      cheibrodos_ashenzari_chains, marbit_many_paths, lemuel_round_altar,
          kennysheep_mini
D:10:     serial_shops, shop, uniq_erica
D:11:     dpeg_lair_monsters, lab_entry_generic, uniq_nergalle
D:12:     minmay_orc_entry_temple_small, serial_shops, shop, uniq_snorg
D:13:     ebering_ghost_reflecting_pool
Temple:   nicolae_temple_god_jail
Lair:1:   uniq_grum
Lair:2:   minmay_swamp_entry_worms, minmay_lair_oklob_items, grunt_megastairs_1
Lair:3:   spider_nest_entry_rubble
Lair:4:   disabler_island, uniq_rupert
Orc:1:    basic_altar, uniq_maurice
Orc:2:    st_orc_congregation, serial_shops, shop,
          portal_ice_cave_entry_ice_beasts

Skill      XL: |  1  2  3  4  5  6  7  8  9 10 11 12 13 |
---------------+----------------------------------------+-----
Earth Magic    | 4 5 6 7 8 9 10 | 10.0
Dodging        | 2 3 |  3.0
Spellcasting   | 3 4 5 6 7 8 |  8.7
Conjurations   | 3 5 6 7 8 9 |  9.7
Fighting       | 2 3 4 6 7 8 9 |  9.4
Armour         | 1 2 4 5 6 7 |  7.3
Transmutations | 1 3 4 5 6 |  6.0
Shields        | 2 4 6 7 8 |  8.5
Polearms       | 1 2 3 4 5 6 |  6.0
Fire Magic     | 1 3 4 |  4.5
Stealth        | |  2.1

Action                   |  1- 3 |  4- 6 |  7- 9 | 10-12 | 13-15 || total
-------------------------+-------+-------+-------+-------+-------++-------
Melee: Unarmed           |     1 |       |       |       |       ||     1
       Club              |    21 |     3 |       |       |       ||    24
       Flail             |       |    57 |   123 |       |       ||   180
       Spear             |       |       |   132 |   626 |   357 ||  1115
Throw: Stone             |     2 |    30 |    19 |    24 |       ||    75
 Cast: Sandblast         |    58 |    49 |    12 |    15 |       ||   134
       Stone Arrow       |     1 |     8 |    44 |   163 |    48 ||   264
       Petrify           |       |       |       |     9 |     2 ||    11
       Lee's Rapid Decon |       |       |       |     5 |       ||     5
       Conjure Flame     |       |       |       |     4 |     1 ||     5
       Fireball          |       |       |       |       |     1 ||     1
  Use: Scroll            |       |     7 |     6 |    21 |     1 ||    35
       Potion            |       |       |       |     6 |     1 ||     7
 Stab: Sleeping          |       |     2 |     2 |     4 |       ||     8
       Distracted        |       |       |     1 |     2 |       ||     3
       Petrified         |       |       |       |    19 |       ||    19
  Eat: Chunk             |     2 |     5 |     8 |    23 |     5 ||    43
       Ration            |       |     1 |     2 |     2 |     1 ||     6
Armor: Robe              |    23 |    30 |    18 |       |       ||    71
       Leather armour    |       |       |   100 |   185 |       ||   285
       Scale mail        |       |       |       |    41 |   203 ||   244
Dodge: Dodged            |    35 |    67 |   126 |   249 |   160 ||   637
Block: Buckler           |       |       |    15 |   182 |   140 ||   337

Table legend:
 A = Spawn XP
 B = Non-spawn XP
 C = Spawn XP percentage of total XP
 D = Spawn monster count
 E = Non-spawn monster count
 F = Spawn count percentage of total count
 G = Total turns spent on level
                    A         B        C        D         E        F      G
               +---------+---------+-------+---------+---------+-------+---------
         Total |       0 |   44500 |   0.0 |       0 |     442 |   0.0 | 17270
               +---------+---------+-------+---------+---------+-------+---------
           D:1 |       0 |      64 |   0.0 |       0 |      35 |   0.0 |  1065
           D:2 |       0 |      19 |   0.0 |       0 |      11 |   0.0 |   829
           D:3 |       0 |      75 |   0.0 |       0 |      24 |   0.0 |   805
           D:4 |       0 |     120 |   0.0 |       0 |       1 |   0.0 |   557
           D:5 |       0 |     561 |   0.0 |       0 |      18 |   0.0 |   910
           D:6 |       0 |    1134 |   0.0 |       0 |      23 |   0.0 |  1126
           D:7 |       0 |    1063 |   0.0 |       0 |      26 |   0.0 |   938
           D:8 |       0 |    1347 |   0.0 |       0 |      16 |   0.0 |  1001
           D:9 |       0 |    2212 |   0.0 |       0 |      27 |   0.0 |  1000
          D:10 |       0 |    2335 |   0.0 |       0 |      16 |   0.0 |   856
          D:11 |       0 |    6946 |   0.0 |       0 |      44 |   0.0 |  1704
          D:12 |       0 |    7106 |   0.0 |       0 |      70 |   0.0 |  1803
        Lair:1 |       0 |    3289 |   0.0 |       0 |      16 |   0.0 |   969
        Lair:2 |       0 |    3362 |   0.0 |       0 |      17 |   0.0 |  1064
        Lair:3 |       0 |    6727 |   0.0 |       0 |      30 |   0.0 |  1123
        Lair:4 |       0 |    2214 |   0.0 |       0 |       8 |   0.0 |   329
         Orc:1 |       0 |    4579 |   0.0 |       0 |      40 |   0.0 |   885
         Orc:2 |       0 |    1347 |   0.0 |       0 |      20 |   0.0 |   229
               +---------+---------+-------+---------+---------+-------+---------
